 Dungeon Crawl Stone Soup version 0.20-a0-967-g62cfa5d (webtiles) character file.

140 rob60174 the Shield-Bearer (level 5, -1/41 HPs)
             Began as a Human Fighter on Apr 5, 2017.
             Was an Initiate of Ru.
             Splashed by a jelly's acid (3 damage)
             ... on level 4 of the Dungeon on Apr 7, 2017.
             The game lasted 00:32:41 (3704 turns).

rob60174 the Shield-Bearer (Human Fighter)          Turns: 3704, Time: 00:32:41

Health: -1/41      AC: -1    Str: 17    XL:     5   Next: 47%
Magic:  5/5        EV:  5    Int:  8    God:    Ru [......]
Gold:   119        SH:  9    Dex: 13    Spells: 4/4 levels left

rFire    + . .     SeeInvis .   a - +0 long sword
rCold    x . .     Gourm    .   c - +0 shield
rNeg     . . .     Faith    .   Z - +0 chain mail
rPois    .         Spirit   .   (no helmet)
rElec    .         Reflect  .   Q - +0 cloak
rCorr    .         Harm     .   (no gloves)
MR       .....                  (no boots)
Stlth    ..........             (no amulet)
Regen    0.2/turn               m - ring of fire
MPRegen  0.1/turn               (no ring)

@: corroded
A: no striking features
a: Renounce Religion


You were on level 4 of the Dungeon.
You worshipped Ru.
Ru was noncommittal.
You were not hungry.

You visited 1 branch of the dungeon, and saw 4 of its levels.

You collected 119 gold pieces.

Inventory:

Hand Weapons
 a - a +0 long sword (weapon)
 i - a +0 rapier
 j - a +0 mace
 k - a +0 blowgun
 v - a +0 hand axe
 C - a +1 hunting sling of flaming
 E - a +0 spear
 F - a +0 club
 N - a +0 dagger
 T - a +0 short sword
 U - a +0 short sword
 Y - a +0 hand axe
Missiles
 l - 124 stones (quivered)
 n - 9 poisoned needles
 o - 22 sling bullets
 G - 16 arrows
 L - 4 javelins
Armour
 b - a +1 scale mail
 c - a +0 shield (worn)
 g - a +0 robe
 q - a +0 leather armour
 s - a +0 ring mail
 u - a +0 robe
 w - a +0 robe
 z - a +0 robe
 B - a cursed +0 leather armour
 D - a +0 ring mail
 H - a +0 scale mail
 O - a +2 leather armour of cold resistance
 P - a +0 leather armour
 Q - a +0 cloak (worn)
 Z - a +0 chain mail (worn)
Jewellery
 m - a ring of fire (left hand)
Scrolls
 I - 3 scrolls of teleportation
 S - a scroll of noise {unknown}
Potions
 d - a potion of might
 e - a potion of invisibility {unknown}
 h - a potion of mutation {unknown}
 p - 2 potions of curing
 r - a potion of heal wounds {unknown}
 J - a potion of lignification {unknown}
 R - a potion of ambrosia {unknown}
Books
 X - a book of Transfigurations

   Spells                             Type                      Level
   a - Irradiate                      Conjuration/Transmutation    5
   b - Statue Form                    Transmutation/Earth          6
   c - Hydra Form                     Transmutation                6
   d - Dragon Form                    Transmutation                7
Comestibles
 f - 3 bread rations


   Skills:
 + Level 3.5 Fighting
 + Level 2.9 Long Blades
 + Level 0.2 Slings
 + Level 3.8 Armour
 + Level 1.1 Dodging
 + Level 0.4 Stealth
 + Level 3.9 Shields


You had 4 spell levels left.
You didn't know any spells.

Dungeon Overview and Level Annotations

Branches:
Dungeon (4/15)
 Temple: D:4-7

Altars:
Hepliaklqana
Ru


Message History

The jelly is moderately wounded.
You block the jelly's attack.
Your shield prevents you from hitting the jelly.
The jelly is moderately wounded.
The jelly hits you but does no damage.
You hit the jelly but do no damage. The acid corrodes you!
Your hands burn!
The jelly is moderately wounded.
You block the jelly's attack. The jelly hits you.
You are splashed with acid!
The acid burns!
You slash the jelly!
Your hands burn!
The jelly is almost dead.
The jelly hits you.
You are splashed with acid!
The acid burns!
You hit the jelly but do no damage.
Your hands burn!
The jelly is almost dead.
The jelly hits you.
* * * LOW HITPOINT WARNING * * *
You are splashed with acid!
The acid burns!
* * * LOW HITPOINT WARNING * * *
You hit the jelly but do no damage. The acid corrodes you!
Your hands burn!
You die...

#...<........##.#########
....#...[###.^....###
...#####....##......# #..
####......##.# ##
###....##.# ##...##.# #
#...##.# ....#...##.#
#...J@.#.### ######.....#
##..#.# ##.#.# #...#
#####


You could see a jelly.

Vanquished Creatures
  An orc priest (D:3)
  3 adders
  2 oozes
  A worm (D:2)
  2 dart slugs
  A leopard gecko (D:3)
  3 orcs (D:3)
  A ball python (D:3)
  2 giant cockroaches
  8 goblins
  3 hobgoblins
  7 jackals
  10 kobolds
  3 quokkas (D:2)
  8 bats
  3 frilled lizards
  5 rats
63 creatures vanquished.

Notes
Turn   | Place    | Note
-------+----------+-------------------------------------------
     0 | D:1      | rob60174 the Human Fighter began the quest for the Orb.
     0 | D:1      | Reached XP level 1. HP: 18/18 MP: 1/1
    27 | D:1      | Reached XP level 2. HP: 21/24 MP: 2/2
   502 | D:1      | Reached XP level 3. HP: 22/29 MP: 3/3
  1033 | D:1      | You fall through a shaft!
  1082 | D:2      | Reached skill level 1 in Dodging
  1574 | D:2      | Reached XP level 4. HP: 35/35 MP: 4/4
  2028 | D:2      | Found a sacrificial altar of Ru.
  2219 | D:2      | Upgraded the game from 0.20-a0-957-g47ad1fd to 0.20-a0-967-g62cfa5d
  2221 | D:2      | Became a worshipper of Ru the Awakened
  2777 | D:3      | Reached XP level 5. HP: 25/41 MP: 5/5
  2949 | D:3      | Found a faded altar of an unknown god.
  3159 | D:3      | Found a hazy altar of Hepliaklqana.
  3703 | D:4      | HP: 2/41 [acid (10)]
  3704 | D:4      | Splashed by a jelly's acid

Vault maps used:
D:1:      scummos_arrival_simple_fountains, patterned_corridor
D:2:      lemuel_upstairs_altar, first_bread, nicolae_ru_sacrificial_ziggurat
D:3:      old_standard_altar, chequers_ecumenical_altar_simple
D:4:      serial_shops, shop, nicolae_elemental_shop

Skill      XL: |  1  2  3 |
---------------+----------+-----
Dodging        | 1 |  1.1
Fighting       | |  3.5
Long Blades    | |  2.9
Slings         | |  0.2
Armour         | |  3.8
Stealth        | |  0.4
Shields        | |  3.9

Action                   |  1- 3 |  4- 6 || total
-------------------------+-------+-------++-------
Melee: Long sword        |   108 |   130 ||   238
 Fire: Hunting sling     |     2 |       ||     2
Throw: Stone             |    11 |       ||    11
  Use: Scroll            |     6 |     2 ||     8
       Potion            |       |     2 ||     2
  Eat: Chunk             |     1 |     7 ||     8
       Bread ration      |       |     1 ||     1
Armor: Scale mail        |    36 |    30 ||    66
       Chain mail        |       |    17 ||    17
Dodge: Dodged            |    36 |    41 ||    77
Block: Shield            |    73 |    84 ||   157
       Rpst.: Long sword |    11 |    11 ||    22
